 Dungeon Crawl Stone Soup version 0.26-a0-597-gb535b0901c (webtiles) character file.

Game seed: 6499696168711265779

(classic levelgen) 287 EnegeticOcto the Chopper (level 6, -7/57 HPs)
             Began as a Deep Dwarf Fighter on Aug 25, 2020.
             Mangled by a crocodile (12 damage)
             ... on level 4 of the Dungeon.
             The game lasted 00:00:27 (356 turns).

EnegeticOcto the Chopper (Deep Dwarf Fighter)        Turns: 356, Time: 00:00:28

Health: -7/57      AC:  7    Str: 22    XL:     6   Next: 8%
Magic:  6/6        EV:  7    Int:  8    God:
Gold:   58         SH: 10    Dex: 12    Spells: 5/5 levels left

rFire    . . .     SeeInvis .   a - +0 war axe
rCold    . . .     Faith    .   c - +0 kite shield
rNeg     . . .     Spirit   .   b - +0 scale mail
rPois    .         Reflect  .   (no helmet)
rElec    .         Harm     .   (no cloak)
rCorr    .                      (no gloves)
MR       .....                  (no boots)
Stlth    ..........             (no amulet)
HPRegen  0.00/turn              (no ring)
MPRegen  0.10/turn              (no ring)

@: lethally poisoned (-7 -> -7), non-regenerating
A: damage resistance, heal wounds, sense surroundings 1, no regeneration
a: Heal Wounds


You were on level 4 of the Dungeon.
You visited 1 branch of the dungeon, and saw 4 of its levels.

You collected 58 gold pieces.

Inventory:

Hand Weapons
 a - a +0 war axe (weapon)
Armour
 b - a +0 scale mail (worn)
 c - a +0 kite shield (worn)
Scrolls
 f - 2 scrolls of identify {unknown}
 g - a scroll of enchant armour {unknown}
Potions
 d - 2 potions of might {@q3}
 e - a potion of lignification {unknown}
 h - a potion of curing {unknown}


   Skills:
 + Level 3.6 Fighting
 * Level 4.7 Axes
 + Level 4.4 Armour
 + Level 4.4 Shields


You had 5 spell levels left.
You didn't know any spells.
Your spell library was empty.

Dungeon Overview and Level Annotations

Branches:
Dungeon (4/15)
 Temple: D:4-7

Altars:


Innate Abilities, Weirdness & Mutations

You are resistant to damage.
You can heal yourself by infusing magical energy.
You passively map a small area around you.
You do not regenerate.


Message History

The ufetubus hits you but does no damage.
The ufetubus barely misses you.
A crocodile comes into view.
The ufetubus hits you but does no damage.
You block the ufetubus's attack.
You closely miss the ufetubus. The ufetubus closely misses you.
You block the ufetubus's attack.
An orc comes into view.
It is wielding a +2 war axe of freezing.
An orc priest comes into view. It is wielding a +3 dagger.
The ufetubus hits you. You block the ufetubus's attack.
The orc closely misses you.
You closely miss the ufetubus.
The orc priest shouts!
You hit the orc.
The ufetubus hits you but does no damage. x2
The ufetubus completely misses you. You block the ufetubus's attack.
You block the orc's attack.
You slash the orc!
You kill the orc!
You hit the ufetubus but do no damage. The ufetubus hits you. x2
The orc priest invokes the aid of Beogh against you.
Beogh smites you!
* * * LOW HITPOINT WARNING * * *
The ufetubus hits you but does no damage. x2
You are too injured to fight recklessly!
You are too injured to fight recklessly!
You are too injured to fight recklessly!
You are too injured to fight recklessly!
You are too injured to fight recklessly!
You are too injured to fight recklessly!
You are too injured to fight recklessly!
You are too injured to fight recklessly!
You are too injured to fight recklessly!
You are too injured to fight recklessly!
You are too injured to fight recklessly!
You are too injured to fight recklessly!
You are too injured to fight recklessly!
You are too injured to fight recklessly!
You feel much better. You block the ufetubus's attack. x2
The ufetubus closely misses you.
The ufetubus hits you but does no damage.
The orc barely misses you.
You feel much better. You block the ufetubus's attack. x2
You barely miss the ufetubus. You hit the orc. x2
The ufetubus barely misses you. The ufetubus hits you.
The orc hits you with a +0 club. You block the orc's attack.
You block the ufetubus's attack. x2; The orc barely misses you.
The orc completely misses you.
You barely miss the orc.
The orc is severely wounded.
You barely miss the crocodile. You hit the orc. You hit the ufetubus.
The ufetubus barely misses you. The ufetubus hits you.
The ufetubus hits you but does no damage.
You block the ufetubus's attack. The orc closely misses you.
The crocodile bites you!
The ufetubus hits you but does no damage. x2
You slash the orc!
You kill the orc!
You closely miss the ufetubus. You barely miss the crocodile. You hit the orc.
The ufetubus barely misses you. x2; The orc hits you.
The orc priest invokes the aid of Beogh against you.
Pain shoots through your body! You block the crocodile's attack.
The orc hits you but does no damage. You block the ufetubus's attack.
The ufetubus barely misses you. You block the orc's attack.
You hit the orc.
You kill the orc!
You closely miss the orc. You hit the ufetubus.
You kill the ufetubus!
You barely miss the orc priest. You barely miss the crocodile.
You block the crocodile's attack. The orc priest closely misses you.
The orc closely misses you. The crocodile bites you!
You hit the orc priest.
The orc priest is moderately wounded.
You barely miss the orc. You hit the crocodile.
The orc priest barely misses you. The orc hits you but does no damage.
You block the crocodile's attack.
You hit the orc priest.
The orc priest is heavily wounded.
You hit the crocodile. You slash the orc!
You kill the orc!
The orc priest invokes the aid of Beogh against you.
Pain shoots through your body!
* * * LOW HITPOINT WARNING * * *
The crocodile bites you!
* * * LOW HITPOINT WARNING * * *
The orc priest barely misses you.
You are too injured to fight recklessly!
You are too injured to fight recklessly!
You are too injured to fight recklessly!
You are too injured to fight recklessly!
You are too injured to fight recklessly!
You are too injured to fight recklessly!
You are too injured to fight recklessly!
You are too injured to fight recklessly!
You are too injured to fight recklessly!
You are too injured to fight recklessly!
You are too injured to fight recklessly!
You are too injured to fight recklessly!
You fail to use your ability.
The crocodile bites you!
You die...

, , ** ##* . * #. , ,
, #.###. #.., ,
,##..#.. .... * ,, ,
* #.....# #...., * ,
#.....##.....
#..$......... * ,
###....)(...... *
#......@o......
##......t......< , *
##............
**.##.#.............
* ,
............#......
......##.#...#.....#
...(...#.##..#......
*
.............##..#.[
, * ,
...............##..##


You could see a crocodile and an orc priest.

Vanquished Creatures
  A black bear (D:3)
  A scorpion (D:4)
  A bullfrog skeleton (D:4)
  An iguana (D:4)
  A worker ant (D:4)
  A howler monkey skeleton (D:4)
  An adder (D:4)
  An ufetubus (D:4)
  2 worms
  A dart slug (D:3)
  7 orcs
  A bat (D:3)
  3 giant cockroaches
  3 goblins
  3 hobgoblins (D:3)
  2 quokkas (D:3)
  2 ball pythons (D:3)
  2 frilled lizards (D:3)
  2 kobolds (D:2)
  2 rats
38 creatures vanquished.

Notes
Turn   | Place    | Note
-------+----------+-------------------------------------------
     0 | D:1      | EnegeticOcto the Deep Dwarf Fighter began the quest for the
                  | Orb.
     0 | D:1      | Reached XP level 1. HP: 20/20 MP: 1/1
    71 | D:3      | Reached XP level 2. HP: 27/27 MP: 2/2
   107 | D:3      | Noticed a black bear
   118 | D:3      | Killed a black bear
   118 | D:3      | Reached XP level 3. HP: 23/34 MP: 3/3
   118 | D:3      | Reached XP level 4. HP: 29/42 MP: 4/4
   266 | D:4      | Reached XP level 5. HP: 37/49 MP: 5/5
   344 | D:4      | Reached XP level 6. HP: 25/56 MP: 6/6
   356 | D:4      | Mangled by a crocodile

Illustrated notes

Levels and vault maps discovered:
D:1:      nzn_arrival_water_spiral, layout_loops_corners
D:2:      layout_rooms, grunt_gozag_breadcrumbs, uniq_natasha, uniq_sigmund
D:3:      layout_rooms, lemuel_round_altar
D:4:      layout_cave_pools, minmay_overflow_temple_star_quad,
          amethyst_overflow_temple_binary, gammafunk_ghost_split

Skill      XL: |  1  2  3  4 |
---------------+-------------+-----
Fighting       | 3 |  3.6
Axes           | 3 4 |  4.7
Shields        | 4 |  4.4
Armour         | 4 |  4.4

Action                   |  1- 3 |  4- 6 || total
-------------------------+-------+-------++-------
Melee: War axe           |    33 |    52 ||    85
 Abil: Heal Wounds       |       |     4 ||     4
Armor: Scale mail        |    13 |    26 ||    39
Dodge: Dodged            |    15 |    36 ||    51
Block: Kite shield       |    25 |    39 ||    64

Table legend: (Time is in decaauts)
 A = Elapsed time spent in this place.
 B = Non-inter-level travel time spent in this place.
 C = Inter-level travel time spent in this place.
 D = Time resting spent in this place.
 E = Time spent auto-exploring this place.
 F = Levels seen in this place.
 G = Mean time per level.
                   A        B        C        D        E       F      G
               +--------+--------+--------+--------+--------+-----+--------+
         Total |    391 |    367 |     24 |      0 |    164 |   4 |   97.8 |
       Dungeon |    391 |    367 |     24 |      0 |    164 |   4 |   97.8 |
               +--------+--------+--------+--------+--------+-----+--------+

Top non-repeatable levels by time:
     D:3: 193 daAuts
     D:4: 124 daAuts
     D:2: 67 daAuts
     D:1: 6 daAuts
